 Dungeon Crawl Stone Soup version 0.31-a0-237-g2d982f9f85 (webtiles) character file.

Game seed: 14925606219298962844

660 qw the Shooter (level 7, -1/44 HPs)
             Began as a Gargoyle Hexslinger on July 10, 2023.
             Was an Initiate of Okawaru.
             Slain by Duvessa
             ... wielding a +0 short sword
              (4 damage)
             ... on level 5 of the Dungeon.
             The game lasted 00:01:39 (3720 turns).

qw the Shooter (Gargoyle Hexslinger)                Turns: 3720, Time: 00:01:40

Health: -1/44      AC: 11    Str: 11    XL:     7   Next: 56%
Magic:  8/8        EV: 10    Int: 14    God:    Okawaru [......]
Gold:   184        SH:  0    Dex: 14    Spells: 7/8 levels left

rFire   . . .        Y - +2 sling
rCold   . . .        (no shield)
rNeg    + . .        b - +0 ring mail
rPois   inf          k - +1 hat
rElec   +            (no cloak)
rCorr   .            (no gloves)
SInv    .            (no boots)
Will    .....        (no amulet)
Stlth   +            (no ring)
HPRegen 0.27/turn    (no ring)
MPRegen 0.11/turn

%: no passive effects
@: no status effects
A: sickness immunity, AC +4, negative energy resistance 1, electricity
resistance, torment resistance 1, petrification resistance
a: Renounce Religion


You were on level 5 of the Dungeon.
You worshipped Okawaru.
Okawaru was noncommittal.
You visited 1 branch of the dungeon, and saw 5 of its levels.

You collected 184 gold pieces.


Innate Abilities, Weirdness & Mutations

You are immune to sickness and miasma.
Your stone body is resilient. (AC +4)
You are immune to poison.
You resist negative energy. (rN+)
You are resistant to electric shocks. (rElec)
You are resistant to unholy torment.
You are immune to petrification.


   Skills:
 - Level 4.4 Fighting
 + Level 7.0 Ranged Weapons
 - Level 1.0 Armour
 - Level 1.5 Dodging
 - Level 1.0 Spellcasting
 - Level 2.6 Hexes


You had 7 spell levels left.
You knew the following spells:

 Your Spells              Type           Power      Damage    Failure   Level
a - Slow                  Hex            32%        N/A       21%         1

Your spell library contained the following spells:

 Spells                   Type           Power      Damage    Failure   Level
 Inner Flame              Hex/Fire       4%         N/A       71%         3
 Portal Projectile        Hex/Tloc       8%         N/A       71%         3
 Cause Fear               Hex            4%         N/A       90%         4

Inventory:

Hand Weapons
 Y - a +2 sling (weapon)
Armour
 b - a +0 ring mail (worn)
 h - a +0 helmet
 k - a +1 hat (worn)
Scrolls
 c - a scroll of identify
Potions
 a - a potion of might {unknown}
 d - a potion of mutation {unknown}
 e - a potion of curing {unknown}
 f - 2 potions of heal wounds {unknown}
 g - a potion of cancellation {unknown}
 j - a potion of enlightenment
 m - 2 potions of haste

Dungeon Overview and Level Annotations

Branches:
Dungeon (5/15)
 Temple: D:4-7

Altars:
Elyvilon
Okawaru
Qazlal
Trog
Xom

Shops:
D:3 :

Annotations:
D:5 Duvessa


Message History

Enter note:
Enter note:
Enter note:
Enter note:
Enter note:
Enter note:
Enter note:
Enter note:
Enter note:
3711 ||| FLEEEEING.
Duvessa shouts!
Duvessa goes berserk!
3712 ||| FLEEEEING.
3713 ||| FLEEEEING.
3714 ||| STILL FLEEEEING.
3715 ||| STILL FLEEEEING.
You hear a shout!
3716 ||| STILL FLEEEEING.
You hear a shout!
3717 ||| FLEEEEING.
3718 ||| FLEEEEING.
Enter note:
Enter note:
Enter note:
Enter note:
Enter note:
Enter note:
Enter note:
Enter note:
Enter note:
Enter note:
Enter note:
Enter note: You shoot a sling bullet.
The sling bullet hits Duvessa.
Duvessa is lightly wounded.
Duvessa hits you with a +0 short sword. Duvessa hits you with a +0 short sword!
You shoot a sling bullet. The sling bullet hits Duvessa.
Duvessa is lightly wounded.
Duvessa hits you with a +0 short sword.
You die...

...##..............
##<..............##.
#..............#.##.
#.....>.......###..
#...........## #..
#........#...###..
#.......###..##.#.
###.....###.......##
...#..@....###...###...
........e...............
...........###...###....
.........#.###..........
#....#####..###.........
.....# ####.#####.##...>
.......#.#........##....
....##........#.........
......)....##..###....


You could see Duvessa (berserk).

Vanquished Creatures
  Menkaure (D:4)
  A black bear (D:4)
  An ice beast (D:5)
  Dowan (D:5)
  A hound (D:5)
  3 iguanas
  An orc wizard (D:4)
  A sleepcap (D:4)
  5 adders
  A white imp (D:5)
  A worm (D:3)
  A dart slug (D:3)
  10 orcs
  7 endoplasms
  4 giant cockroaches
  12 hobgoblins
  5 jackals
  12 kobolds
  2 quokkas
  6 ball pythons
  4 bats
  9 goblins
  4 rats
93 creatures vanquished.

Notes
Turn   | Place    | Note
-------+----------+-------------------------------------------
     0 | D:1      | qw the Gargoyle Hexslinger began the quest for the Orb.
     0 | D:1      | Reached XP level 1. HP: 12/12 MP: 2/2
     0 | D:1      | 0 ||| qw: Version: 0.3-a-52-g30416fa
     0 | D:1      | 0 ||| qw: Game counter: 5000
     0 | D:1      | 0 ||| qw: Melee chars always use a shield: true
     0 | D:1      | 0 ||| qw: God list: Okawaru
     0 | D:1      | 0 ||| qw: Allow faded altars: false
     0 | D:1      | 0 ||| qw: Do Orc after clearing Dungeon:15 true
     0 | D:1      | 0 ||| qw: Do second Lair branch before Depths: true
     0 | D:1      | 0 ||| qw: Lair rune preference: random
     0 | D:1      | 0 ||| qw: Goals: Normal
     0 | D:1      | 0 ||| PLANNING D:1-11
   204 | D:1      | Reached XP level 2. HP: 16/16 MP: 3/3
   302 | D:1      | Reached skill level 3 in Ranged Weapons
   528 | D:1      | Reached XP level 3. HP: 21/21 MP: 4/4
   744 | D:1      | 744 ||| READING scroll labelled XULIANW HANKIPT.
   747 | D:1      | 747 ||| DROPPING scroll of poison.
  1233 | D:2      | 1233 ||| Stepping ~*~*~tactically~*~*~ (outnumbered).
  1316 | D:2      | 1316 ||| UPGRADING to +0 ring mail.
  1326 | D:2      | 1326 ||| DROPPING +0 robe.
  1327 | D:2      | 1327 ||| UPGRADING to +1 hat.
  1332 | D:2      | 1332 ||| READING 3 scrolls labelled QUHYUSOPLO.
  1333 | D:2      | 1333 ||| READING scroll labelled MUHUGY PALANY.
  1334 | D:2      | 1334 ||| READING scroll labelled LAFAWN JUTOIPOU.
  1335 | D:2      | 1335 ||| DRINKING 2 bubbling orange potions.
  1336 | D:2      | 1336 ||| DROPPING 2 scrolls of immolation.
  1477 | D:3      | Reached XP level 4. HP: 26/26 MP: 5/5
  1496 | D:3      | Found Doagupi's Vocational Training.
  1560 | D:3      | Found an iron altar of Okawaru.
  1561 | D:3      | 1561 ||| PLANNING OKAWARU WORSHIP
  1561 | D:3      | 1561 ||| DRINKING 3 emerald potions.
  1562 | D:3      | 1562 ||| DRINKING 2 ruby potions.
  1563 | D:3      | 1563 ||| DROPPING 2 potions of degeneration.
  1570 | D:3      | Became a worshipper of Warmaster Okawaru
  1571 | D:3      | 1571 ||| PLANNING D:1-11
  1617 | D:3      | Reached skill level 4 in Ranged Weapons
  1636 | D:3      | Found a stormy altar of Qazlal.
  1764 | D:3      | Found a shimmering altar of Xom.
  1789 | D:3      | 1789 ||| FLEEEEING.
  1790 | D:3      | 1790 ||| FLEEEEING.
  2029 | D:3      | Reached skill level 1 in Armour
  2278 | D:3      | 2278 ||| READING scroll labelled BIJAPPYOLI.
  2330 | D:4      | HP: 4/26 [iguana (3)]
  2331 | D:4      | 2331 ||| READING 2 scrolls of teleportation.
  2335 | D:4      | Reached XP level 5. HP: 6/30 MP: 6/6
  2337 | D:4      | 2337 ||| READING scroll of teleportation.
  2339 | D:4      | HP: 3/30 [sleepcap (5)]
  2587 | D:4      | 2587 ||| FLEEEEING.
  2588 | D:4      | 2588 ||| FLEEEEING.
  2589 | D:4      | 2589 ||| FLEEEEING.
  2590 | D:4      | 2590 ||| FLEEEEING.
  2591 | D:4      | 2591 ||| FLEEEEING.
  2592 | D:4      | 2592 ||| FLEEEEING.
  2593 | D:4      | 2593 ||| STAIRDANCE
  2612 | D:4      | 2612 ||| STAIRDANCE
  2738 | D:4      | Reached skill level 5 in Ranged Weapons
  2848 | D:4      | Reached skill level 3 in Fighting
  2848 | D:4      | Reached XP level 6. HP: 17/37 MP: 7/7
  2948 | D:4      | Noticed a black bear
  2959 | D:4      | Killed a black bear
  3013 | D:4      | Found a white marble altar of Elyvilon.
  3217 | D:5      | Entered Level 5 of the Dungeon
  3217 | D:5      | Noticed Menkaure
  3224 | D:5      | 3224 ||| STAIRDANCE
  3227 | D:4      | Reached skill level 6 in Ranged Weapons
  3274 | D:5      | 3274 ||| STAIRDANCE
  3277 | D:4      | HP: 2/37 [Menkaure (11)]
  3285 | D:4      | Killed Menkaure
  3286 | D:4      | Reached XP level 7. HP: 5/44 MP: 8/8
  3539 | D:5      | Reached * piety under Okawaru
  3633 | D:5      | Found a bloodstained altar of Trog.
  3671 | D:5      | Noticed Dowan
  3672 | D:5      | 3672 ||| INVOKING Heroism.
  3673 | D:5      | 3673 ||| INVOKING Heroism.
  3674 | D:5      | 3674 ||| INVOKING Heroism.
  3694 | D:5      | Killed Dowan
  3695 | D:5      | 3695 ||| INVOKING Heroism.
  3696 | D:5      | HP: 10/44 [iguana (9)]
  3702 | D:5      | Reached skill level 7 in Ranged Weapons
  3709 | D:5      | Noticed Duvessa
  3710 | D:5      | 3710 ||| FLEEEEING.
  3711 | D:5      | 3711 ||| FLEEEEING.
  3712 | D:5      | 3712 ||| FLEEEEING.
  3713 | D:5      | 3713 ||| FLEEEEING.
  3717 | D:5      | 3717 ||| FLEEEEING.
  3718 | D:5      | 3718 ||| FLEEEEING.
  3719 | D:5      | HP: 2/44 [Duvessa/+0 short sword (11)]
  3720 | D:5      | Slain by Duvessa

Levels and vault maps discovered:
D:1:      matt_arrival_los_fun, layout_loops_ring, minmay_tiny_reverse_x
D:2:      layout_basic
D:3:      minmay_recursive_quarters, layout_basic, lemuel_round_altar,
          mainiacjoe_overflow_concentric_impassable,
          mainiacjoe_overflow_six_doors_small, nicolae_shop_vocational
D:4:      layout_rooms, lemuel_coloured_pillars_altar
D:5:      layout_cave_pools, trog_book, mainiacjoe_overflow_alcove_2,
          roderic_lattice_a, uniq_menkaure, uniq_duvessa

Skill      XL: |  1  2  3  4  5  6  7 |
---------------+----------------------+-----
Ranged Weapons | 3 4 5 6 7 |  7.0
Fighting       | 2 3 4 |  4.4
Armour         | 1 |  1.0
Dodging        | |  1.5
Spellcasting   | |  1.0
Hexes          | |  2.6

Action                     |  1- 3 |  4- 6 |  7- 9 || total
---------------------------+-------+-------+-------++-------
   Fire: Sling             |   115 |   246 |    53 ||   414
 Invoke: Heroism           |       |       |     2 ||     2
    Use: Scroll            |     4 |     3 |       ||     7
         Potion            |     1 |     2 |       ||     3
 Armour: Robe              |    11 |       |       ||    11
         Ring mail         |     2 |    94 |    33 ||   129
  Dodge: Dodged            |    36 |   125 |    30 ||   191

Table legend:
 A = Non-vault XP
 B = Vault XP
 C = Vault XP percentage of total XP
 D = Non-vault monster count
 E = Vault monster count
 F = Vault count percentage of total count
                 A         B        C        D         E       F
            +---------+---------+-------+---------+---------+-------
      Total |     676 |     268 |  28.4 |      83 |      10 |  10.8
            +---------+---------+-------+---------+---------+-------
        D:1 |      34 |       2 |   5.6 |      21 |       1 |   4.5
        D:2 |      18 |       0 |   0.0 |      11 |       0 |   0.0
        D:3 |      60 |      27 |  31.0 |      19 |       7 |  26.9
        D:4 |     345 |     172 |  33.3 |      26 |       1 |   3.7
        D:5 |     219 |      67 |  23.4 |       6 |       1 |  14.3
            +---------+---------+-------+---------+---------+-------
